 Dungeon Crawl Stone Soup version 0.29.1-4-g47bece8355 (webtiles) character file.

Game seed: 15647495415203097265

878 LustLizard the Shooter (level 7, 0/33 HPs)
             Began as a Spriggan Hunter on Dec 5, 2022.
             Succumbed to a killer bee's poison
             ... on level 5 of the Dungeon.
             The game lasted 00:08:53 (4108 turns).

LustLizard the Shooter (Spriggan Hunter)            Turns: 4108, Time: 00:08:53

Health: 0/33       AC:  2    Str:  5 (7)  XL:     7   Next: 75%
Magic:  11/11      EV: 18    Int:  7 (10) God:
Gold:   137        SH:  0    Dex: 19 (21) Spells: 7/10 levels left

rFire   + . .      SeeInvis +   a - +0 shortbow
rCold   + . .      Faith    .   (shield currently unavailable)
rNeg    . . .      Spirit   .   c - +0 robe
rPois   +          Reflect  .   (helmet restricted)
rElec   +          Harm     .   (no cloak)
rCorr   +          Rampage  .   (gloves unavailable)
Will    +....                   (boots unavailable)
Stlth   +++.......              (no amulet)
HPRegen 0.11/turn               (no ring)
MPRegen 0.12/turn               (no ring)

@: lethally poisoned (0 -> -12), about to teleport, resistant, attractive,
flying (expiring), very quick
A: very small, no large weapons, unfitting armour, see invisible, speed 3
a: no special abilities


You were on level 5 of the Dungeon.
You visited 1 branch of the dungeon, and saw 5 of its levels.

You collected 137 gold pieces.

Inventory:

Hand Weapons
 a - a +0 shortbow (weapon)
Armour
 c - a +0 robe (worn)
Scrolls
 b - a scroll of immolation
 d - a scroll of noise {unknown}
 e - a scroll of acquirement {unknown}
 f - a scroll of amnesia {unknown}
 h - a scroll of enchant weapon {unknown}
 i - a scroll of torment {unknown}
 m - a scroll of identify {unknown}
 o - a scroll of fear {unknown}
 p - 2 scrolls of teleportation
 r - a scroll of enchant armour {unknown}
 s - a scroll of brand weapon {unknown}
Potions
 g - a potion of flight
 l - 2 potions of attraction
 n - a potion of degeneration


   Skills:
 - Level 1.5 Fighting
 * Level 7.7 Ranged Weapons
 - Level 1.0 Armour
 + Level 3.3 Dodging
 - Level 4.0 Stealth
 + Level 2.3 Spellcasting
 - Level 3.3 Hexes
 - Level 4.0 Translocations


You had 7 spell levels left.
You knew the following spells:

 Your Spells              Type           Power      Damage    Failure   Level
a - Portal Projectile     Hex/Tloc       10%        N/A       24%         3

Your spell library contained the following spells:

 Spells                   Type           Power      Damage    Failure   Level
 Tukima's Dance           Hex            5%         N/A       28%         3
 Sandblast                Erth           0%         2d4       36%         1
 Passwall                 Tmut/Erth      0%         N/A       50%         2
 Stone Arrow              Conj/Erth      0%         3d7       73%         3
 Blade Hands              Tmut           0%         N/A       100%        5
 Freezing Cloud           Conj/Ice/Air   0%         6-21      100%        5
 Simulacrum               Ice/Necr       0%         N/A       100%        6
 Polar Vortex             Ice            0%         N/A       100%        9


Dungeon Overview and Level Annotations

Branches:
Dungeon (5/15)
 Temple: D:4-7

Altars:


Innate Abilities, Weirdness & Mutations

You are very small and have problems with some larger weapons.
You are too small for most types of armour.
You have supernaturally acute eyesight. (SInv)
You cover ground extremely quickly. (Speed+++)


Message History

Aim: a killer bee (moderately wounded, 38% to hit)
You shoot an arrow. The arrow hits the killer bee.
The killer bee is heavily wounded.
You hear an angry buzzing noise.
The killer bee stings you. The killer bee misses you.
Fire: a) +0 shortbow
Press: ? - help, Q - select action Shift-Dir - straight line, f/p - killer bee
Aim: a killer bee (heavily wounded, 38% to hit)
You shoot an arrow.
The arrow barely misses the killer bee. x2
The killer bee closely misses you. The killer bee stings you.
* * * LOW HITPOINT WARNING * * *
Fire: a) +0 shortbow
Press: ? - help, Q - select action Shift-Dir - straight line, f/p - killer bee
Aim: a killer bee (heavily wounded, 38% to hit)
You shoot an arrow. The arrow hits the killer bee!
You kill the killer bee!
The killer bee closely misses you. The killer bee barely misses you.
Fire: a) +0 shortbow
Press: ? - help, Q - select action Shift-Dir - straight line, f - killer bee
Aim: a killer bee (38% to hit)
You shoot an arrow. The arrow hits the killer bee.
The killer bee is lightly wounded.
You are starting to lose your buoyancy.
The killer bee barely misses you. The killer bee misses you.
Fire: a) +0 shortbow
Press: ? - help, Q - select action Shift-Dir - straight line, f/p - killer bee
Aim: a killer bee (lightly wounded, 38% to hit)
You shoot an arrow. The arrow misses the killer bee.
The arrow hits the killer bee.
The killer bee is moderately wounded.
The killer bee stings you.
* * * LOW HITPOINT WARNING * * *
The killer bee stings you.
* * * LOW HITPOINT WARNING * * *
You are lethally poisoned!
The killer bee poisons you!
Okay, then.
As you read the scroll labelled DAIL ALU HASOPT, it crumbles to dust.
You feel strangely unstable.
It was a scroll of teleportation.
You die...

#.######..#########.#
.........##.........#
......#.###.#########
.###...# #.# ##...#
#.# # ##....# #.#
..#.#.#...#.# #.#
.......†#†#.###.#
###.##)##..yy@..# #)
#)####### ..
#.########## ...
#.......†..# #.##
##########.# #.
#..#...#.# #.
#..#.#.#.# #..#.#.#.#
#<÷....#.#


You could see 2 killer bees.

Vanquished Creatures
  The ghost of ZoeForever1 the Ruffian, a novice DrTm (D:4)
  A phantom (D:4)
  A kobold brigand (D:5)
  A scorpion (D:5)
  4 killer bees (D:5)
  An orc priest (D:4)
  A hound (D:5)
  7 adders
  3 worms
  3 dart slugs
  6 orcs
  8 ball pythons
  3 endoplasms
  3 giant cockroaches
  9 goblins
  9 hobgoblins
  3 quokkas
  7 bats
  5 frilled lizards
  11 kobolds
  5 rats
92 creatures vanquished.

Vanquished Creatures (others)
  15 plants (D:5)
15 creatures vanquished.

Grand Total: 107 creatures vanquished

Notes
Turn   | Place    | Note
-------+----------+-------------------------------------------
     0 | D:1      | LustLizard the Spriggan Hunter began the quest for the Orb.
     0 | D:1      | Reached XP level 1. HP: 10/10 MP: 2/2
   243 | D:1      | Reached XP level 2. HP: 14/14 MP: 3/3
   855 | D:2      | Reached XP level 3. HP: 8/18 MP: 4/4
  1200 | D:2      | Reached skill level 5 in Ranged Weapons
  1387 | D:2      | Reached XP level 4. HP: 22/22 MP: 5/5
  1734 | D:3      | Learned a level 3 spell: Portal Projectile
  2060 | D:4      | Noticed a phantom
  2095 | D:4      | Killed a phantom
  2096 | D:4      | Reached skill level 1 in Hexes
  2096 | D:4      | Reached skill level 1 in Translocations
  2096 | D:4      | Reached XP level 5. HP: 25/25 MP: 6/6
  2327 | D:4      | Reached skill level 6 in Ranged Weapons
  2762 | D:4      | Found a runed translucent door.
  3160 | D:4      | Noticed ZoeForever1's ghost (novice DrTm)
  3324 | D:4      | Killed ZoeForever1's ghost
  3325 | D:4      | Reached XP level 6. HP: 30/30 MP: 7/7
  3325 | D:4      | Reached XP level 7. HP: 33/33 MP: 8/8
  3332 | D:5      | Entered Level 5 of the Dungeon
  3335 | D:5      | Reached skill level 7 in Ranged Weapons
  3380 | D:5      | Reached skill level 1 in Spellcasting
  3825 | D:5      | Reached skill level 1 in Armour
  4108 | D:5      | Succumbed to a killer bee's poison

Illustrated notes

Levels and vault maps discovered:
D:1:      co_arrival_random_square_maze, layout_basic, minmay_misc_feat_tiny
D:2:      layout_rooms
D:3:      layout_rooms, solitary_fountain
D:4:      layout_basic, ebering_ghost_reflecting_pool, solitary_fountain
D:5:      layout_basic, minmay_temple_entry_ruins, nrook_mini_backslash,
          lexackson_kobold_supper

Skill      XL: |  1  2  3  4  5  6  7 |
---------------+----------------------+-----
Stealth        | 2 3 4 |  4.0
Ranged Weapons | 5 6 7 |  7.7
Hexes          | 1 3 |  3.3
Translocations | 1 4 |  4.0
Spellcasting   | 2 |  2.3
Armour         | 1 |  1.0
Dodging        | 3 |  3.3
Fighting       | |  1.5

Action                   |  1- 3 |  4- 6 |  7- 9 || total
-------------------------+-------+-------+-------++-------
Melee: Shortbow          |     1 |       |       ||     1
 Fire: Shortbow          |    82 |   167 |    72 ||   321
  Use: Potion            |     1 |       |     7 ||     8
       Scroll            |       |       |     1 ||     1
Armor: Robe              |     2 |     3 |     3 ||     8
Dodge: Dodged            |    24 |    14 |    62 ||   100
